 Dungeon Crawl Stone Soup version 0.26-a0-1161-g0398aca569 (webtiles) character file.

Game seed: 6082580655731170136

774730 Morbidden the Sorcerer (level 27, 260/260 HPs)
             Began as a Naga Fighter on Dec 13, 2020.
             Was the Champion of Cheibriados.
             Quit the game on level 4 of the Realm of Zot on Dec 26, 2020.
             The game lasted 03:17:29 (103782 turns).

Morbidden the Sorcerer (Naga Fighter)             Turns: 103782, Time: 03:17:29

Health: 260/260    AC: 28    Str: 36    XL:     27
Magic:  67/67      EV: 33    Int: 38    God:    Cheibriados [******]
Gold:   7753       SH: 33    Dex: 30    Spells: 24/69 levels left

rFire    + + .     SeeInvis +   b - +9 double sword (elec)
rCold    . . .     Faith    .   O - +8 tower shield of Bitterness {Will+}
rNeg     + . .     Spirit   .   x - +2 robe {Archmagi}
rPois    +         Reflect  .   q - +3 hat of Pondering {ponderous, Will+ MP+10 Int+5}
rElec    +         Harm     .   y - +1 cloak of Starlight {*Dazzle EV+4 Stlth--}
rCorr    .         Rampage  .   c - +2 pair of gloves {Str+3}
Will     +++++                  s - +0 barding
Stlth    ++++++....             o - amulet of the Air {Inacc +Fly rElec EV+5 RMsl}
HPRegen  0.53/turn              r - ring of magical power
MPRegen  0.40/turn              X - ring of Prescription {rElec rF++ rN+}

@: repel missiles, very slow
A: large, thin skeletal structure 1, see invisible, deformed body, dopey 1,
poison resistance, slowness 2, spit poison 1, constrict 1, AC +9
}: 4/15 runes: decaying, silver, abyssal, gossamer
a: Spit Poison, Renounce Religion, Evoke Flight, Bend Time, Temporal Distortion,
Slouch, Step From Time


You were on level 4 of the Realm of Zot.
You worshipped Cheibriados.
Cheibriados was exalted by your worship.
You visited 12 branches of the dungeon, and saw 53 of its levels.
You visited the Abyss 1 time.
You visited 1 bazaar.
You also visited: Trove, Gauntlet, Ice Cave and Wizlab.

You collected 9201 gold pieces.
You spent 1448 gold pieces at shops.

Inventory:

Hand Weapons
 b - a +9 double sword of electrocution (weapon)
Missiles
 d - 2 throwing nets
 m - 19 curare-tipped darts (quivered)
 w - 35 javelins
Armour
 c - a +2 pair of gloves of strength (worn)
 q - the +3 hat of Pondering (worn) {ponderous, Will+ MP+10 Int+5}
   (You found it on level 7 of the Dungeon)

   It affects your intelligence (+5).
   It affects your willpower, your defense against some magical effects.
   It affects your magic capacity (+10).
 s - a +0 barding (worn)
 x - a +2 robe of the Archmagi (worn)
 y - the +1 cloak of Starlight (worn) {*Dazzle EV+4 Stlth--}
   (You found it on level 3 of the Elven Halls)

   It affects your evasion (+4).
   It makes you much less stealthy.
 O - the +8 tower shield of Bitterness (worn) {Will+}
   (You bought it in a shop in a bazaar)

   It affects your willpower, your defense against some magical effects.
Jewellery
 o - the amulet of the Air (around neck) {Inacc +Fly rElec EV+5 RMsl}
   (You found it on level 2 of the Realm of Zot)

   [amulet of inaccuracy]

   It reduces the accuracy of all your attacks.
   It affects your evasion (+5).
   It insulates you from electricity.
   It lets you fly.
   It protects you from missiles.
 r - a ring of magical power (left hand)
 X - the ring of Prescription (right hand) {rElec rF++ rN+}
   (You found it in a Gauntlet)

   [ring of positive energy]

   It greatly protects you from fire.
   It insulates you from electricity.
   It protects you from negative energy.
Wands
 f - a wand of disintegration (43)
 i - a wand of digging (12)
 l - a wand of polymorph (17)
 p - a wand of iceblast (39)
 B - a wand of acid (13)
 M - a wand of flame (149)
 W - a wand of paralysis (23)
Scrolls
 g - 21 scrolls of teleportation
 h - 33 scrolls of remove curse
 k - 2 scrolls of holy word
 n - 8 scrolls of fog
 u - a scroll of brand weapon
 z - 12 scrolls of fear
 J - 3 scrolls of silence
 K - 4 scrolls of enchant armour
 L - 8 scrolls of amnesia
 Q - a scroll of summoning
 R - 2 scrolls of magic mapping
 V - 14 scrolls of identify
 Z - 7 scrolls of blinking
Potions
 a - a potion of brilliance
 e - 6 potions of mutation
 t - 9 potions of magic
 v - 9 potions of cancellation
 A - 7 potions of flight
 E - 6 potions of resistance
 F - 17 potions of curing
 G - 4 potions of ambrosia
 H - 10 potions of might
 T - 5 potions of invisibility
 U - 8 potions of heal wounds
Miscellaneous
 j - a condenser vane
 C - a box of beasts
 P - the horn of Geryon


   Skills:
 * Level 18.0 Fighting
 + Level 16.6 Long Blades
 + Level 3.4 Throwing
 * Level 13.6 Armour
 * Level 15.3 Dodging
 + Level 16.3 Stealth
 * Level 16.1 Shields
 + Level 1.2 Unarmed Combat
 * Level 21.9 Spellcasting
 * Level 17.1 Conjurations
 + Level 11.3 Transmutations
 + Level 20.8 Air Magic
 * Level 8.2 Earth Magic
 - Level 12.5 Invocations
 + Level 2.5 Evocations


You had 24 spell levels left.
You knew the following spells:

 Your Spells              Type           Power        Failure   Level
a - Airstrike             Air            70%          0%          4
b - Static Discharge      Conj/Air       100%         0%          3
c - Chain Lightning       Conj/Air       67%          1%          8
d - Lehudib's Crystal Sp  Conj/Erth      59%          22%         8
e - Tornado               Air            70%          12%         9
y - Dragon Form           Tmut           56%          4%          7
z - Statue Form           Tmut/Erth      72%          1%          6

Your spell library contained the following spells:

 Spells                   Type           Power        Failure   Level
 Beastly Appendage        Tmut           100%         0%          1
 Magic Dart               Conj           100%         0%          1
 Shock                    Conj/Air       100%         0%          1
 Corpse Rot               Necr/Air       N/A          0%          2
 Poisonous Vapours        Pois/Air       100%         0%          2
 Searing Ray              Conj           100%         0%          2
 Swiftness                Air            100%         0%          2
 Mephitic Cloud           Conj/Pois/Air  100%         0%          3
 Stone Arrow              Conj/Erth      100%         0%          3
 Iskenderun's Battlesphe  Conj           100%         0%          5
 Lightning Bolt           Conj/Air       67%          0%          5
 Corona                   Hex            64%          1%          1
 Foxfire                  Conj/Fire      100%         1%          1
 Freeze                   Ice            100%         1%          1
 Sandblast                Erth           100%         1%          1
 Sting                    Tmut/Pois      100%         1%          1
 Blink                    Tloc           N/A          1%          2
 Call Imp                 Summ           58%          1%          2
 Ensorcelled Hibernation  Hex/Ice        100%         1%          2
 Slow                     Hex            58%          1%          2
 Sublimation of Blood     Necr           29%          1%          2
 Confusing Touch          Hex            58%          1%          3
 Conjure Flame            Conj/Fire      100%         1%          3
 Dazzling Flash           Conj/Hex       100%         1%          3
 Frozen Ramparts          Ice            100%         1%          3
 Gell's Gravitas          Tloc           29%          1%          3
 Ignite Poison            Fire/Tmut/Pois 81%          1%          3
 Inner Flame              Hex/Fire       58%          1%          3
 Lesser Beckoning         Tloc           29%          1%          3
 Ozocubu's Armour         Ice            58%          1%          3
 Spider Form              Tmut/Pois      45%          1%          3
 Teleport Other           Tloc           58%          1%          3
 Tukima's Dance           Hex            58%          1%          3
 Fulminant Prism          Conj/Hex       51%          1%          4
 Hailstorm                Conj/Ice       100%         1%          4
 Ice Form                 Ice/Tmut       91%          1%          4
 Iskenderun's Mystic Bla  Conj/Tloc      100%         1%          4
 Leda's Liquefaction      Hex/Erth       41%          1%          4
 Petrify                  Tmut/Erth      100%         1%          4
 Sticky Flame             Conj/Fire      100%         1%          4
 Summon Lightning Spire   Summ/Air       100%         1%          4
 Alistair's Intoxication  Tmut/Pois      60%          1%          5
 Bolt of Magma            Conj/Fire/Erth 51%          1%          5
 Fireball                 Conj/Fire      51%          1%          5
 Irradiate                Conj/Tmut      61%          1%          5
 Silence                  Hex/Air        55%          1%          5
 Yara's Violent Unravell  Hex/Tmut       45%          1%          5
 Conjure Ball Lightning   Conj/Air       67%          1%          6
 Freezing Cloud           Conj/Ice/Air   59%          1%          6
 Hydra Form               Tmut           56%          1%          6
 Orb of Destruction       Conj           65%          1%          7
 Cause Fear               Hex            29%          6%          4
 Dispel Undead            Necr           58%          6%          4
 Passage of Golubria      Tloc           N/A          6%          4
 Summon Ice Beast         Ice/Summ       58%          6%          4
 Eringya's Noxious Bog    Tmut/Pois      45%          9%          6
 Agony                    Necr           58%          17%         5
 Excruciating Wounds      Necr           29%          17%         5
 Metabolic Englaciation   Hex/Ice        29%          17%         5
 Summon Forest            Summ/Tloc      29%          17%         5
 Necromutation            Tmut/Necr      45%          98%         8
 Haunt                    Necr/Summ      29%          99%         7
 Summon Hydra             Summ           29%          99%         7
 Borgnjor's Revivificati  Necr           29%          100%        8
 Discord                  Hex            29%          100%        8
 Ignition                 Fire           29%          100%        8
 Infestation              Necr           29%          100%        8
 Absolute Zero            Ice            29%          100%        9
 Death's Door             Necr           29%          100%        9
 Fire Storm               Conj/Fire      51%          100%        9
 Shatter                  Erth           51%          100%        9


Dungeon Overview and Level Annotations

Branches:
Dungeon (15/15)            Temple (1/1) D:5            Lair (6/6) D:11
  Swamp (4/4) Lair:3       Spider (4/4) Lair:4        Slime (0/5) Lair:5
    Orc (2/2) D:10            Elf (3/3) Orc:2        Vaults (5/5) D:13
  Crypt (3/3) Vaults:3       Tomb (0/3) Crypt:3      Depths (5/5) D:15
   Hell (visited)             Dis (0/7) Hell            Geh (0/7) Hell
    Coc (0/7) Hell            Tar (0/7) Hell            Zot (4/5) Depths:5
  IceCv (visited)          WizLab (visited)         Gauntlet (visited)

Altars:
Ashenzari
Cheibriados
Dithmenos
Elyvilon
Fedhas
Gozag
Hepliaklqana
Kikubaaqudgha
Makhleb
Nemelex Xobeh
Qazlal
Sif Muna
Trog
Uskayaw
Vehumet
Xom
Yredelemnul
The Shining One
Beogh

Shops:
D:9 [   Orc:2 :*([?=(*!   Vaults:2 ?   Vaults:4 *   Vaults:5 }   Crypt:2 *
Depths:1 *   Depths:3 !   Depths:4 ?(?*

Portals:
Hell: Depths:1 Depths:2 Depths:3 Depths:4 Depths:5
Abyss: Depths:4 Depths:5
Pandemonium: Depths:3 Depths:4
Ziggurat: Depths:3

Annotations:
D:10 2 transporters, Beaer's ghost, journeyman VSBr
D:11 exclusion: orange crystal statue
D:13 1 runed translucent door
Lair:6 1 runed translucent door, thewurscht's ghost, journeyman GrFi
Spider:4 1 runed translucent door, elgenn's ghost, adept GrBe
Elf:1 3 runed translucent doors, Voirr's ghost, adept HOFi
Depths:1 3 runed translucent doors, AnimeWaifu's ghost, adept DDFi


Innate Abilities, Weirdness & Mutations

You cannot wear boots.
Your serpentine skin is tough. (AC +9)
You have supernaturally acute eyesight. (SInv)
Armour fits poorly on your strangely shaped body.
Your system is resistant to poisons. (rPois)
You cover ground very slowly.
You can spit poison.
You can use your snake-like lower body to constrict enemies.
You have a somewhat thin skeletal structure. (Dex +2, Stealth)
You are dopey. (Int -2)


Message History

Cheibriados says: Take it easy.
Press ? for a list of commands and other information.
Welcome back, Morbidden the Naga Fighter.
Cheibriados says: Take it easy.
Press ? for a list of commands and other information.
Welcome back, Morbidden the Naga Fighter.
Cheibriados says: Take it easy.
Press ? for a list of commands and other information.
Save game and exit?
Welcome back, Morbidden the Naga Fighter.
Cheibriados says: Take it easy.
Press ? for a list of commands and other information.
Save game and exit?
Welcome back, Morbidden the Naga Fighter.
Cheibriados says: Take it easy.
Press ? for a list of commands and other information.
Unknown command.
Unknown command.
Unknown command.
Are you sure you want to abandon this character and quit the game? (Confirm with "yes".)

#...## #.# .....#
#.# #....# #.#
#....# #.# #[...#
#.# #....# #.#
#....# #.# #....##
##### #.# #.....#
#..@###########.####
#.....#
#...................
#.....#
#...................
#....####
#.....^............(
........##
############....####
.........# ####.# #
......⌠..# ##### #.#
# .........#
#...###.####
........##
#...........


There were no monsters in sight!

Vanquished Creatures
  The ghost of Beyts the Conqueror, a legendary MiBe of Trog (Zot:2)
  An orb of fire (Zot:3)
  Mennas (Crypt:3)
  3 juggernauts
  Mara (Depths:4)
  7 ancient liches
  The ghost of Xucumn the Warrior, a veteran GrFi of the Shining One (Crypt:2)
  Sojobo (Vaults:2)
  A Killer Klown (Zot:3)
  Frederick (Depths:3)
  Bai Suzhen (Elf:3)
  2 caustic shrikes
  Geryon (Hell)
  A curse toe (Zot:3)
  11 golden dragons
  Xtahua (Depths:5)
  A profane servitor (Abyss:5)
  4 bone dragons
  Arachne (Spider:2)
  An electric golem (Zot:2)
  20 tentacled monstrosities
  7 liches
  Asterion (Spider:3)
  2 deep elf master archers (Elf:3)
  A deep elf blademaster (Elf:2)
  5 quicksilver dragons
  3 ancient champions
  Murray (Hell)
  3 titans (Vaults:5)
  13 death cobs
  3 sphinxes
  5 draconian monks
  7 tentacled starspawn
  17 storm dragons
  10 shadow dragons
  Donald (Orc:2)
  Roxanne (Swamp:3)
  2 revenants
  2 draconian knights (Zot:2)
  13 tengu reavers
  6 fire giants
  A fenstrider witch (Swamp:4)
  4 deep elf sorcerers
  6 draconian scorchers
  A ghost moth (shapeshifter) (Vaults:5)
  5 draconian shifters
  2 balrugs
  Aizul (Depths:1)
  A cacodemon (Abyss:3)
  10 ghost moths
  16 vault wardens
  12 frost giants
  5 iron dragons
  4 draconian stormcallers
  22 ironheart preservers
  An orc warlord (Orc:1)
  3 angels
  7 deep elf elementalists
  30 very ugly things
  6 draconian annihilators
  3 emperor scorpions (Spider:4)
  8 reapers
  A spriggan defender (Depths:4)
  11 war gargoyles
  8 vampire knights
  5 ghouls
  28 stone giants
  9 deep elf demonologists
  14 deep elf annihilators
  7 green draconians
  9 white draconians
  6 yellow draconians
  A minotaur (Gauntlet)
  21 purple draconians
  12 black draconians
  4 entropy weavers
  16 statues
  12 red draconians
  5 bunyips
  2 lorocyprocas
  14 fire dragons
  9 spark wasps
  2 eidola
  15 deep elf death magi
  5 blizzard demons
  4 eleionomae
  16 ettins
  A shambling mangrove (Swamp:2)
  4 crystal guardians
  2 green deaths
  6 jiangshi
  11 great orbs of eyes
  17 ogre magi
  8 deep elf high priests
  22 yaktaur captains
  33 vault guards
  7 rakshasas
  14 boulder beetles
  A hell beast (Hell)
  15 ice dragons
  A catoblepas (Gauntlet)
  16 hydras
  Fannar (Lair:3)
  6 death knights
  A ghost crab (Swamp:3)
  13 centaur warriors
  4 spriggan air magi (Depths:3)
  49 two-headed ogres
  3 tengu warriors
  5 hell hogs (Hell)
  15 vampire magi
  28 dancing weapons
  7 deep troll shamans
  20 thrashing horrors
  10 deep troll earth magi
  11 alligators
  A queen ant (D:10)
  4 orc high priests
  2 spriggan berserkers
  24 hell knights
  2 titan zombies (Crypt:3)
  31 small abominations
  3 iron golems (Hell)
  Nergalle (Lair:3)
  34 deep elf knights
  Sonja (D:11)
  5 sun demons
  12 soul eaters
  10 shadow wraiths
  3 spatial maelstroms
  9 sixfirhies
  39 skeletal warriors
  16 wretched stars
  28 deep trolls
  2 iron trolls
  2 goliath frogs
  A storm dragon skeleton (Abyss:3)
  4 anaconda zombies
  3 spriggan druids
  6 glowing orange brains
  2 golden dragon zombies
  62 starcursed masses
  6 unseen horrors
  5 swamp dragons
  A deep troll (shapeshifter) (Vaults:3)
  7 wizards
  An obsidian statue (Crypt:2)
  15 ironbrand convokers
  A lindwurm (Lair:6)
  5 phantasmal warriors
  5 flayed ghosts
  5 bog bodies
  14 orb spiders
  A lindwurm (shapeshifter) (Vaults:3)
  An infernal demonspawn (Depths:3)
  An anaconda skeleton (Hell)
  24 deep elf archers
  An orb spider (shapeshifter) (Vaults:3)
  16 orc knights
  A mana viper (Abyss:5)
  5 harpies
  An iron dragon zombie (Abyss:3)
  A human zombie (Vaults:2)
  106 deep elf magi
  23 wolf spiders
  A wolf spider zombie (Crypt:2)
  2 shadow dragon skeletons
  17 necromancers
  3 will-o-the-wisps
  3 orc sorcerers
  A moth of wrath (shapeshifter) (Depths:4)
  7 draconians (Abyss:5)
  20 oklob plants
  A frost giant zombie (Crypt:3)
  65 ugly things
  36 large abominations
  3 cyclopes
  13 elephants
  A stone giant zombie (Abyss:3)
  29 moths of wrath
  4 worldbinders
  3 centaur zombies
  6 rust devils (Hell)
  A water nymph (shapeshifter) (Depths:4)
  A frost giant skeleton (Hell)
  12 smoke demons
  A titan simulacrum (Hell)
  A dire elephant zombie (Abyss:3)
  A torpor snail (shapeshifter) (Elf:3)
  3 fire giant skeletons
  10 vault sentinels
  2 gargoyles
  6 torpor snails
  A stone giant skeleton (Abyss:3)
  A black mamba (shapeshifter) (D:14)
  9 black mambas
  5 molten gargoyles
  2 centaur skeletons (D:15)
  A guardian serpent (Abyss:3)
  4 apocalypse crabs
  4 orange demons
  8 cane toads
  A minotaur zombie (Crypt:3)
  A kobold demonologist (Abyss:3)
  3 hellions
  8 rime drakes
  A redback zombie (D:15)
  An efreet (D:15)
  15 komodo dragons
  76 yaktaurs
  8 demonic crawlers
  3 tengu conjurers
  23 freezing wraiths
  2 human skeletons
  2 komodo dragons (shapeshifter)
  A green draconian skeleton (Crypt:2)
  4 hellwings
  17 ancient zymes
  4 ice devils
  42 jumping spiders
  3 red devils
  A catoblepas skeleton (Crypt:1)
  A harpy zombie (Crypt:1)
  A queen bee (shapeshifter) (Depths:4)
  16 trolls
  3 hydra skeletons
  2 bloated husks
  7 tyrant leeches
  17 polar bears
  13 hornets
  2 raiju (shapeshifter)
  A harpy skeleton (Crypt:3)
  2 wind drakes (shapeshifter)
  A slime creature (shapeshifter) (Vaults:5)
  19 raiju (Abyss:3)
  A fire giant simulacrum (Vaults:4)
  An alligator zombie (Hell)
  18 slime creatures
  16 blink frogs
  15 dream sheep
  3 human simulacra
  2 air elementals
  A centaur simulacrum (D:13)
  A stone giant simulacrum (Abyss:3)
  A fire dragon zombie (Crypt:2)
  An ettin zombie (Hell)
  44 flying skulls
  4 shadows
  An alligator skeleton (Hell)
  4 water elementals
  52 yaks
  2 redbacks (shapeshifter)
  82 redbacks
  4 spriggans
  4 wyverns
  A yak (shapeshifter) (Vaults:5)
  30 tarantellas
  6 ynoxinuls
  A hog (shapeshifter) (Vaults:2)
  8 basilisks
  4 wraiths
  A fire bat (shapeshifter) (Vaults:5)
  10 neqoxecs
  5 fire elementals
  A golden eye (shapeshifter) (Depths:4)
  4 golden eyes (Abyss:3)
  5 chaos spawn
  A basilisk (shapeshifter) (Vaults:4)
  2 steam dragons (Lair:6)
  19 vampire mosquitoes
  13 swamp worms
  6 swamp worm simulacra (Swamp:4)
  6 insubstantial wisps (Abyss:3)
  8 wargs
  17 soldier ants
  3 spatial vortices
  A water moccasin (shapeshifter) (Depths:5)
  12 hell hounds
  A cane toad zombie (Hell)
  5 acid dragons
  20 hydra simulacra
  8 water moccasins
  5 floating eyes
  3 swamp drakes
  A sky beast (shapeshifter) (Vaults:4)
  A lindwurm zombie (Crypt:2)
  4 black bears
  An eye of draining (shapeshifter) (Depths:2)
  8 ice beasts
  33 orc warriors
  3 cane toad skeletons
  An eye of draining (D:11)
  3 phantoms
  2 sky beasts
  52 ogres
  25 boggarts
  9 necrophages
  22 wolves
  11 centaurs
  27 bullfrogs
  A bullfrog (shapeshifter) (Vaults:5)
  A gnoll sergeant (D:7)
  2 earth elementals
  A cane toad simulacrum (Hell)
  A wyvern skeleton (D:11)
  A water moccasin skeleton (D:5)
  3 scorpions
  A raiju zombie (Crypt:1)
  14 killer bees
  An orc simulacrum (Vaults:1)
  A polar bear zombie (Crypt:1)
  12 wights
  11 electric eels
  3 vampire bats (D:6)
  A wolf zombie (Crypt:2)
  9 howler monkeys
  5 lava snakes (Lair:6)
  6 crimson imps
  A bullfrog zombie (D:9)
  8 quasits
  8 hounds
  5 jellies
  30 orc priests
  2 bullfrog skeletons
  42 orc wizards
  5 iron imps
  6 iguanas
  42 worker ants
  A demonspawn skeleton (Crypt:1)
  A dwarf zombie (Crypt:1)
  An ogre zombie (Crypt:3)
  A deep dwarf skeleton (Crypt:2)
  An ogre skeleton (Crypt:1)
  A hound zombie (D:10)
  2 hound skeletons
  A worker ant zombie (D:5)
  4 gnolls (D:4)
  11 adders
  4 shadow imps
  11 white imps
  6 ufetubi
  2 swamp drake simulacra (Swamp:4)
  An adder zombie (D:4)
  2 worms (D:2)
  3 dart slugs
  4 leopard geckos
  127 orcs
  7 bat skeletons (D:6)
  4 giant cockroaches
  5 goblins
  12 hobgoblins
  8 jackals
  2 quokkas
  A river rat zombie (Crypt:1)
  2 ball pythons
  A ball python skeleton (Crypt:2)
  4 bats
  4 frilled lizards
  A frilled lizard zombie (Crypt:2)
  A jackal zombie (D:5)
  3 kobolds
  A leopard gecko zombie (D:6)
  9 rats
  2 bushes (Zot:1)
  A crawling corpse (Vaults:5)
  4 fire vortices (Depths:3)
  3 lurking horrors
  4 starspawn tentacles (Abyss:3)
3174 creatures vanquished.

Vanquished Creatures (others)
  Margery (Vaults:2)
  A golden dragon (Zot:3)
  A quicksilver dragon (Zot:3)
  A storm dragon (Zot:1)
  An azure jelly (Swamp:4)
  A fire giant (Depths:5)
  A lorocyproca (Depths:4)
  A white draconian (Depths:5)
  A deep elf annihilator (Depths:3)
  An eleionoma (Swamp:1)
  A fire dragon (Depths:3)
  A hell hog (Hell)
  A skeletal warrior (Hell)
  2 wizards (Depths:3)
  A necromancer (Hell)
  A deep elf mage (Elf:2)
  A polar bear (IceCv)
  2 bloated husks
  A raiju (Abyss:3)
  3 golden eyes (Abyss:3)
  A small abomination (Abyss:3)
  An ogre (Vaults:4)
  A wolf (IceCv)
  An orc wizard (D:6)
  2 ufetubi
  6 foxfires
  79 fungi
  2 lurking horrors
  112 plants
  13 starspawn tentacles
242 creatures vanquished.

Grand Total: 3416 creatures vanquished

Notes
Turn   | Place    | Note
-------+----------+-------------------------------------------
     0 | D:1      | Morbidden the Naga Fighter began the quest for the Orb.
     0 | D:1      | Reached XP level 1. HP: 21/21 MP: 1/1
   119 | D:1      | Reached XP level 2. HP: 24/28 MP: 2/2
   792 | D:1      | Reached XP level 3. HP: 34/34 MP: 3/3
  1340 | D:2      | Reached XP level 4. HP: 11/44 MP: 4/4
  2945 | D:3      | Reached XP level 5. HP: 50/50 MP: 5/5
  3724 | D:4      | Reached skill level 1 in Dodging
  3817 | D:4      | Found a sparkling altar of Nemelex Xobeh.
  3849 | D:4      | Reached XP level 6. HP: 28/57 MP: 7/7
  4158 | D:4      | Reached skill level 1 in Spellcasting
  4587 | D:4      | Got an ancient rapier
  4588 | D:4      | Identified the cursed +1 rapier of Qazlal's Whim {flame,
                  | rC- Str+6 Int+3} (You found it on level 4 of the Dungeon)
  5389 | D:4      | Found a burning altar of Makhleb.
  5653 | D:5      | Entered Level 5 of the Dungeon
  5685 | D:5      | Reached XP level 7. HP: 21/64 MP: 9/9
  6618 | D:5      | Reached skill level 5 in Long Blades
  6800 | D:5      | Reached skill level 2 in Spellcasting
  7001 | D:5      | Found a staircase to the Ecumenical Temple.
  7009 | Temple   | Entered the Ecumenical Temple
  7038 | Temple   | Became a worshipper of Cheibriados the Contemplative
  7160 | D:6      | Reached XP level 8. HP: 42/72 MP: 11/11
  7164 | D:6      | Reached skill level 1 in Invocations
  7191 | D:6      | Reached skill level 1 in Throwing
  7466 | D:6      | Reached * piety under Cheibriados
  7467 | D:6      | Reached skill level 5 in Fighting
  8885 | D:6      | Found a broken altar of Ashenzari.
  9114 | D:6      | Found an ancient bone altar of Kikubaaqudgha.
  9122 | D:6      | Reached ** piety under Cheibriados
  9689 | D:7      | Reached XP level 9. HP: 69/81 MP: 13/13
 10007 | D:7      | Found a shadowy altar of Dithmenos.
 10015 | D:7      | Found the +3 hat of Pondering {ponderous, Will+ MP+10
                  | Int+5}
 10170 | D:7      | Reached skill level 3 in Spellcasting
 10407 | D:7      | Reached *** piety under Cheibriados
 11322 | D:8      | Noticed a +0 hand axe
 11322 | D:8      | Noticed a +0 dagger
 11327 | D:8      | Found a hide-covered altar of Uskayaw.
 11509 | D:8      | Reached XP level 10. HP: 83/91 MP: 15/15
 11642 | D:8      | Reached **** piety under Cheibriados
 12230 | D:9      | Found Onufoirol's Armour Emporium.
 12600 | D:9      | Reached skill level 4 in Spellcasting
 13390 | D:10     | Entered Level 10 of the Dungeon
 13447 | D:10     | Reached skill level 1 in Stealth
 13448 | D:10     | Found a roughly hewn altar of Beogh.
 13448 | D:10     | Found a staircase to the Orcish Mines.
 13506 | D:10     | Reached ***** piety under Cheibriados
 13668 | D:10     | Reached XP level 11. HP: 100/100 MP: 17/17
 13673 | D:10     | Noticed a queen ant
 13699 | D:10     | Reached skill level 10 in Long Blades
 13699 | D:10     | Reached skill level 5 in Invocations
 13700 | D:10     | Reached skill level 5 in Shields
 13703 | D:10     | Killed a queen ant
 14491 | D:10     | Noticed an unseen horror
 14503 | D:10     | Killed an unseen horror
 14667 | D:10     | Identified the +2 great mace "Xaraesudd" {spect, rF+}
 14669 | D:10     | Identified the +2 great mace "Xaraesudd" {spect, rF+}
 14669 | D:10     | Identified the +7 dire flail of Annoyance {vorpal, rElec}
 14669 | D:10     | Noticed a two-headed ogre
 14676 | D:10     | Noticed Beaer's ghost (journeyman VSBr)
 14686 | D:10     | Noticed a two-headed ogre
 14690 | D:10     | Found a transporter.
 14694 | D:10     | Found a transporter.
 14915 | D:11     | Found a staircase to the Lair.
 14938 | D:11     | Reached skill level 5 in Spellcasting
 15065 | D:11     | Noticed a cyclops
 15074 | D:11     | Killed a cyclops
 15075 | D:11     | Reached skill level 5 in Armour
 15098 | D:11     | Noticed an orange crystal statue
 15330 | D:11     | Noticed a four-headed hydra
 15337 | D:11     | Killed a four-headed hydra
 15338 | D:11     | Reached skill level 5 in Dodging
 15348 | D:11     | Noticed a white ugly thing
 15767 | D:11     | Noticed Sonja
 15772 | D:11     | Killed Sonja
 15773 | D:11     | Reached XP level 12. HP: 109/110 MP: 20/20
 16705 | Lair:1   | Entered Level 1 of the Lair of Beasts
 17644 | D:12     | Noticed a six-headed hydra
 17672 | D:12     | Killed a six-headed hydra
 18022 | D:13     | Found a frozen archway.
 18028 | D:13     | Reached skill level 1 in Evocations
 18045 | IceCv    | Entered an ice cave
 18272 | IceCv    | Reached skill level 6 in Spellcasting
 18797 | IceCv    | Reached ****** piety under Cheibriados
 18993 | IceCv    | Gained mutation: You can use your snake-like lower body to
                  | constrict enemies. [Naga growth]
 18993 | IceCv    | Reached XP level 13. HP: 102/120 MP: 23/23
 19071 | IceCv    | Noticed a frost giant
 19088 | IceCv    | Killed a frost giant
 19096 | IceCv    | Reached skill level 7 in Spellcasting
 20134 | D:13     | Learned a level 4 spell: Airstrike
 20305 | D:13     | Found a gate to the Vaults.
 20305 | D:13     | Noticed a vault guard
 20305 | D:13     | Noticed a vault guard
 20305 | D:13     | Noticed a vault guard
 20305 | D:13     | Noticed a vault guard
 20305 | D:13     | Noticed a vault guard
 20305 | D:13     | Noticed a vault guard
 20305 | D:13     | Noticed a vault guard
 20305 | D:13     | Noticed a vault guard
 20310 | D:13     | Killed a vault guard
 20320 | D:13     | Killed a vault guard
 20321 | D:13     | Reached skill level 1 in Air Magic
 20326 | D:13     | Killed a vault guard
 20335 | D:13     | Killed a vault guard
 20347 | D:13     | Killed a vault guard
 20355 | D:13     | Killed a vault guard
 20367 | D:13     | Killed a vault guard
 20373 | D:13     | Killed a vault guard
 20374 | D:13     | Reached skill level 10 in Fighting
 20761 | D:13     | Reached skill level 8 in Spellcasting
 20776 | D:13     | Reached XP level 14. HP: 131/131 MP: 26/26
 20813 | D:13     | Found a runed translucent door.
 20816 | D:13     | Noticed a fire giant
 22075 | D:15     | Entered Level 15 of the Dungeon
 22184 | D:15     | Paralysed by an ogre mage for 4 turns
 23115 | D:15     | Found a staircase to the Depths.
 23161 | D:15     | Reached skill level 9 in Spellcasting
 23669 | D:15     | Found a blossoming altar of Fedhas.
 23901 | D:15     | Reached XP level 15. HP: 136/139 MP: 27/28
 23981 | D:15     | Reached skill level 5 in Air Magic
 23985 | D:15     | Learned a level 3 spell: Static Discharge
 24881 | Lair:1   | Identified a scroll of acquirement
 24881 | Lair:1   | Acquired a manual of Conjurations
 25224 | Lair:1   | Found a bloodstained altar of Trog.
 26441 | Lair:3   | Reached skill level 1 in Conjurations
 26768 | Lair:3   | Noticed Fannar
 26778 | Lair:3   | Killed Fannar
 27306 | Lair:3   | Noticed Nergalle
 27314 | Lair:3   | Killed Nergalle
 27743 | Lair:3   | Found a staircase to the Swamp.
 28710 | Lair:4   | Reached skill level 10 in Spellcasting
 29195 | Lair:4   | Identified Sif Muna's Volume of Burning Shape Shifting
 29233 | Lair:4   | Reached skill level 10 in Invocations
 29997 | Lair:4   | Found a hole to the Spider Nest.
 30845 | Lair:5   | Found a staircase to the Slime Pits.
 31658 | Lair:6   | Entered Level 6 of the Lair of Beasts
 31667 | Lair:6   | Reached XP level 16. HP: 128/149 MP: 19/30
 32485 | Lair:6   | Found a runed translucent door.
 33008 | Lair:6   | Got a steaming garnet amulet
 33009 | Lair:6   | Identified the amulet "Weatian" {Inacc *Slow rF++ Will+
                  | SInv} (You found it on level 6 of the Lair of Beasts)
 33467 | Lair:6   | Reached skill level 5 in Conjurations
 33709 | Lair:6   | Found a large runed translucent door.
 33709 | Lair:6   | Found a large runed translucent door.
 33719 | Lair:6   | Reached skill level 11 in Spellcasting
 34018 | Lair:6   | Found a shimmering altar of Xom.
 34018 | Lair:6   | Noticed thewurscht's ghost (journeyman GrFi)
 34629 | Orc:1    | Entered Level 1 of the Orcish Mines
 34953 | Orc:2    | Entered Level 2 of the Orcish Mines
 34953 | Orc:2    | Found a staircase to the Elven Halls.
 34953 | Orc:2    | Found Ducin's Weapon Boutique.
 34993 | Orc:2    | Found a gate leading to a gauntlet.
 34995 | Orc:2    | Found Waicwoun's Book Emporium.
 34997 | Orc:2    | Found Oshid's Antique Armour Shop.
 35021 | Gauntlet | Entered a Gauntlet
 35021 | Gauntlet | Found a transporter.
 35021 | Gauntlet | Found a runed translucent gate.
 35021 | Gauntlet | Found a runed translucent gate.
 35045 | Gauntlet | Found a runed translucent gate.
 35050 | Gauntlet | Found a transporter.
 35052 | Gauntlet | Found a transporter.
 35060 | Gauntlet | Found a runed translucent door.
 35063 | Gauntlet | Found a transporter.
 35068 | Gauntlet | Found a transporter.
 35072 | Gauntlet | Found a transporter.
 35089 | Gauntlet | Found a transporter.
 35099 | Gauntlet | Found a transporter.
 35112 | Gauntlet | Found a runed translucent door.
 35116 | Gauntlet | Found a runed translucent door.
 35124 | Gauntlet | Found a transporter.
 35139 | Gauntlet | Found a transporter.
 35152 | Gauntlet | Found a transporter.
 35152 | Gauntlet | Found a transporter.
 35206 | Gauntlet | Found a transporter.
 35206 | Gauntlet | Found a transporter.
 35499 | Gauntlet | Got a brightly glowing granite ring
 35500 | Gauntlet | Identified the ring "Lulih" {rElec rN+ Will+ Str+4 Int-2}
                  | (You found it in a Gauntlet)
 35532 | Gauntlet | Reached skill level 5 in Stealth
 35539 | Gauntlet | Got a twitching silver ring
 35540 | Gauntlet | Identified the ring of Prescription {rElec rF++ rN+} (You
                  | found it in a Gauntlet)
 35592 | Gauntlet | Got a heavily runed cloak
 35599 | Gauntlet | Identified the +1 cloak of the Lich-sworn {+Blink rPois
                  | Str+4} (You found it in a Gauntlet)
 35752 | Orc:1    | Found a roughly hewn altar of Beogh.
 36129 | Orc:2    | Found Akhloyl's Magic Scroll Shoppe.
 36138 | Orc:2    | Bought a scroll of teleportation for 51 gold pieces
 36138 | Orc:2    | Bought a scroll of teleportation for 51 gold pieces
 36226 | Orc:2    | Found Reiphixa's Assorted Antiques.
 37410 | Orc:2    | Found Saom's Jewellery Shoppe.
 37410 | Orc:2    | Found Kioxemn's Distillery.
 37410 | Orc:2    | Found Tekosoed's Antique Weapon Shoppe.
 37438 | Orc:2    | Found Vezxeu's General Store.
 37458 | Orc:2    | Bought a scroll of teleportation for 39 gold pieces
 37468 | Orc:2    | Noticed Donald
 37478 | Orc:2    | Killed Donald
 38024 | Spider:1 | Entered Level 1 of the Spider Nest
 39510 | Spider:1 | Reached XP level 17. HP: 146/156 MP: 32/32
 40734 | Spider:2 | Noticed Arachne
 40753 | Spider:2 | Killed Arachne
 40754 | Spider:2 | Reached skill level 10 in Air Magic
 41204 | Spider:3 | Paralysed by a hornet for 3 turns
 41212 | Spider:2 | Reached skill level 12 in Spellcasting
 41984 | Spider:3 | Noticed Asterion
 41986 | Spider:3 | Noticed an Executioner
 41996 | Spider:3 | Killed Asterion
 43127 | Spider:4 | Entered Level 4 of the Spider Nest
 44364 | Spider:4 | Found a runed translucent door.
 44364 | Spider:4 | Noticed elgenn's ghost (adept GrBe)
 44844 | Spider:4 | Reached XP level 18. HP: 167/167 MP: 34/34
 46041 | Spider:4 | Got a gossamer rune of Zot
 46733 | Vaults:1 | Entered Level 1 of the Vaults
 46748 | Vaults:1 | Reached skill level 13 in Spellcasting
 48526 | Vaults:1 | Identified Ahut's Guide on Torrid Shape Shifting
 48536 | Vaults:1 | Learned a level 7 spell: Dragon Form
 48915 | Vaults:1 | Reached skill level 1 in Transmutations
 49332 | Vaults:1 | Reached XP level 19. HP: 174/174 MP: 36/36
 50053 | Vaults:2 | Noticed Sojobo
 50061 | Vaults:2 | Noticed Margery
 50261 | Vaults:2 | Reached skill level 10 in Dodging
 50311 | Vaults:2 | Reached skill level 10 in Stealth
 50343 | Vaults:2 | Reached skill level 10 in Conjurations
 50479 | Vaults:2 | Killed Margery
 50484 | Vaults:2 | Reached skill level 14 in Spellcasting
 50723 | Vaults:2 | Killed Sojobo
 50979 | Vaults:2 | Identified the +8 arbalest "Hydrabane" {freeze, rN++ Int+3
                  | Dex-5}
 51539 | Vaults:2 | Reached XP level 20. HP: 177/185 MP: 30/38
 51951 | Vaults:2 | Found Ikkeug's Magic Scroll Shoppe.
 53085 | Vaults:3 | Found a flickering gateway to a bazaar.
 53095 | Bazaar   | Entered a bazaar
 53095 | Bazaar   | Found Saen's Antique Weapon Boutique.
 53095 | Bazaar   | Found Koaxko's Antique Armour Shop.
 53095 | Bazaar   | Found Soolel's Armour Shop.
 53100 | Bazaar   | Got a scorched hand crossbow
 53106 | Bazaar   | Bought a spiked tower shield for 190 gold pieces
 53106 | Bazaar   | Bought a pair of runed gloves for 150 gold pieces
 53118 | Bazaar   | Identified the +8 tower shield of Bitterness {Will+} (You
                  | bought it in a shop in a bazaar)
 53134 | Bazaar   | Identified the +5 hand crossbow "Ebom" {flame, rPois Str+4
                  | Dex-5} (You found it in a bazaar)
 53145 | Bazaar   | Bought a distressingly furry scale mail for 180 gold pieces
 53145 | Bazaar   | Identified the cursed +0 scale mail of Hadjma {rElec rPois
                  | Regen+} (You bought it in a shop in a bazaar)
 53291 | Vaults:3 | Identified the +1 robe of Copov {Rampage rPois}
 53524 | Vaults:3 | Reached skill level 5 in Transmutations
 54029 | Vaults:3 | Found a staircase to the Crypt.
 54594 | Vaults:3 | Reached XP level 21. HP: 192/192 MP: 39/39
 55505 | Vaults:4 | Reached skill level 15 in Spellcasting
 55625 | Vaults:4 | Found Biuz's General Store.
 56612 | Vaults:4 | Reached skill level 10 in Shields
 57706 | Swamp:1  | Entered Level 1 of the Swamp
 58140 | Swamp:1  | Acquired a +3 double sword of electrocution
 58432 | Swamp:1  | Reached skill level 15 in Long Blades
 58742 | Orc:2    | Bought a scroll of enchant weapon for 165 gold pieces
 58742 | Orc:2    | Bought a scroll of enchant weapon for 165 gold pieces
 59435 | Swamp:2  | Reached XP level 22. HP: 201/201 MP: 41/41
 60470 | Swamp:3  | Identified Roxanne's Compendium of the Rocks
 60470 | Swamp:3  | Noticed Roxanne
 60498 | Swamp:3  | Killed Roxanne
 61155 | Swamp:4  | Entered Level 4 of the Swamp
 63315 | Swamp:4  | Got a decaying rune of Zot
 63759 | Elf:1    | Entered Level 1 of the Elven Halls
 64297 | Elf:1    | Reached skill level 16 in Spellcasting
 64594 | Elf:1    | Found a portal to a secret trove of treasure.
 64848 | Elf:1    | Found a runed translucent gate.
 64849 | Elf:1    | Found a runed translucent gate.
 64849 | Elf:1    | Found a runed translucent gate.
 65293 | Elf:1    | Found a runed translucent gate.
 65293 | Elf:1    | Found a runed translucent gate.
 65297 | Elf:1    | Reached XP level 23. HP: 109/212 MP: 43/43
 65304 | Elf:1    | Found a runed translucent gate.
 65310 | Elf:1    | Noticed Voirr's ghost (adept HOFi)
 65558 | Elf:2    | Found a runed translucent gate.
 65558 | Elf:2    | Found a runed translucent gate.
 65558 | Elf:2    | Found a runed translucent gate.
 65604 | Elf:2    | Reached skill level 15 in Air Magic
 66698 | Elf:2    | Reached XP level 24. HP: 222/222 MP: 32/43
 66912 | Elf:3    | Entered Level 3 of the Elven Halls
 68202 | Elf:3    | Identified the cursed ring "Baetoreonk" {rElec AC-4 SInv
                  | Stlth+}
 68430 | Elf:3    | Noticed Bai Suzhen
 68863 | Elf:3    | Killed Bai Suzhen
 69275 | Elf:3    | Identified the ring of Okawaru's Grace {rPois Int+4} (You
                  | found it on level 3 of the Elven Halls)
 69340 | Elf:3    | Learned a level 8 spell: Chain Lightning
 69411 | Elf:3    | Found the +1 cloak of Starlight {rElec rC+ EV+4 Stlth--}
 69965 | Depths:1 | Entered Level 1 of the Depths
 69965 | Depths:1 | Found Ciacw's Changing Room.
 69968 | Depths:1 | Noticed Aizul
 69979 | Depths:1 | Killed Aizul
 70147 | Depths:1 | Noticed AnimeWaifu's ghost (adept DDFi)
 70504 | Depths:1 | Found a gateway to Hell.
 70633 | Depths:1 | Identified the cursed +0 robe "Fionotuz" {rC+}
 70638 | Depths:1 | Found a runed translucent gate.
 70638 | Depths:1 | Found a runed translucent gate.
 70638 | Depths:1 | Found a runed translucent gate.
 72130 | Depths:3 | Reached skill level 17 in Spellcasting
 72444 | Depths:3 | Found Misaw's Distillery.
 72646 | Depths:3 | Bought a potion of heal wounds for 100 gold pieces
 72646 | Depths:3 | Bought a potion of heal wounds for 100 gold pieces
 72880 | Depths:3 | Reached XP level 25. HP: 226/230 MP: 44/44
 72952 | Depths:3 | Found a gateway to a ziggurat.
 73191 | Depths:2 | Reached skill level 15 in Stealth
 73274 | Depths:2 | Noticed a juggernaut
 73292 | Depths:2 | Killed a juggernaut
 74422 | Depths:2 | Noticed a juggernaut
 74442 | Depths:2 | Killed a juggernaut
 74596 | Depths:2 | Got a vibrating lead ring
 74597 | Depths:2 | Identified the ring "Vebuesch" {rF+ rN+ Str+2 Dex+6 SInv}
                  | (You found it on level 2 of the Depths)
 74616 | Depths:2 | Identified the cursed +1 chain mail "Kyoniulix" {Will+
                  | Stlth+} (You found it on level 2 of the Depths)
 75223 | Depths:3 | Found a one-way gate leading to the halls of Pandemonium.
 75352 | Depths:3 | Reached skill level 15 in Fighting
 76484 | Depths:3 | Noticed Frederick
 76501 | Depths:3 | Killed Frederick
 76538 | Depths:3 | Found a radiant altar of Vehumet.
 76934 | Depths:3 | Identified the +8 chain mail of Dircheil {Rampage +Blink
                  | Will+ Str+3 Int+4} (You found it on level 3 of the Depths)
 77165 | Depths:4 | Found a one-way gate to the infinite horrors of the Abyss.
 77190 | Depths:4 | Reached XP level 26. HP: 223/240 MP: 44/44
 77300 | Depths:4 | Found a magical portal.
 77311 | Depths:4 | Reached skill level 18 in Spellcasting
 77315 | WizLab   | Entered Iskenderun's Mystic Tower
 78993 | WizLab   | Identified the Tome of Air and Cold
 79006 | WizLab   | Identified Iskenderun's Incunabulum of Attacks
 79006 | WizLab   | Identified Iskenderun's Collected Works on Combat Magic
 79317 | Depths:4 | Noticed Mara
 79333 | Depths:4 | Killed Mara
 79599 | Depths:4 | Found Inosaw's Magic Scroll Emporium.
 79599 | Depths:4 | Found Xiastrily's Weapon Shoppe.
 79600 | Depths:4 | Found Vanumit's Magic Scroll Shoppe.
 79602 | Depths:4 | Found Dososic's Assorted Antiques.
 79609 | Depths:4 | Bought a scroll of enchant weapon for 112 gold pieces
 80557 | Depths:5 | Entered Level 5 of the Depths
 80959 | Depths:5 | Found a gate to the Realm of Zot.
 81001 | Depths:5 | Noticed Xtahua
 81007 | Depths:5 | Killed Xtahua
 81335 | Depths:5 | Paralysed by a floating eye for 2 turns
 81353 | Depths:5 | Noticed a juggernaut
 81359 | Depths:5 | Killed a juggernaut
 82255 | Depths:5 | Reached XP level 27. HP: 237/248 MP: 22/45
 83105 | Hell     | Entered the Vestibule of Hell
 83105 | Hell     | Noticed Geryon
 83110 | Hell     | Noticed Murray
 83676 | Crypt:1  | Entered Level 1 of the Crypt
 83987 | Crypt:1  | Reached skill level 10 in Transmutations
 85016 | Crypt:2  | Reached skill level 19 in Spellcasting
 85040 | Crypt:2  | Noticed an ancient lich
 85412 | Crypt:1  | Killed an ancient lich
 85883 | Crypt:2  | Found the +6 Majin-Bo {vamp, MP+6 Int+6}
 86030 | Crypt:2  | Found a runed translucent gate.
 86030 | Crypt:2  | Found a runed translucent gate.
 86030 | Crypt:2  | Found a runed translucent gate.
 86030 | Crypt:2  | Noticed Xucumn's ghost (veteran GrFi)
 86047 | Crypt:2  | Found an opulent altar of Gozag.
 86052 | Crypt:2  | Found Xaag's Assorted Antiques.
 86066 | Crypt:2  | Killed Xucumn's ghost
 86341 | Crypt:2  | Bought a dented lapis lazuli amulet for 145 gold pieces
 86856 | Crypt:3  | Entered Level 3 of the Crypt
 87546 | Crypt:3  | Found a staircase to the Tomb.
 87853 | Crypt:3  | Noticed Mennas
 87935 | Crypt:3  | Killed Mennas
 88200 | Crypt:3  | Noticed an ancient lich
 88216 | Crypt:3  | Killed an ancient lich
 88499 | Crypt:3  | Found a basalt altar of Yredelemnul.
 88526 | Crypt:3  | Identified the cursed +1 plate armour "Jeoky" {Dex+5} (You
                  | found it on level 3 of the Crypt)
 89297 | Vaults:5 | Entered Level 5 of the Vaults
 89310 | Vaults:5 | Reached skill level 15 in Conjurations
 90245 | Vaults:5 | Identified the +8 battleaxe "Taofoox" {elec, *Corrode rPois
                  | rN+ Str+5}
 90543 | Vaults:5 | Reached skill level 10 in Armour
 90568 | Vaults:5 | Identified the cursed +1 mace of Spite {pain, Will+}
 90616 | Vaults:5 | Reached skill level 1 in Unarmed Combat
 90826 | Vaults:5 | Noticed an ancient lich
 90851 | Vaults:5 | Killed an ancient lich
 90953 | Vaults:5 | Identified the +8 mace of Qazlal's Felicitations {vorpal,
                  | rC+}
 91314 | Vaults:5 | Identified the +10 short sword of Xoici {elec, Dex+3}
 91314 | Vaults:5 | Identified the ring of Zoqit {Ice rElec rPois rN+ Stlth-}
 91373 | Vaults:5 | Reached skill level 20 in Spellcasting
 91968 | Vaults:5 | Found Xalliplo's Gadget Shoppe.
 91983 | Vaults:5 | Found Cixkieji's Antique Armour Shoppe.
 92107 | Vaults:5 | Identified the Incunabulum of the Nocuous Blaze
 92113 | Vaults:5 | Got a silver rune of Zot
 92658 | Vaults:5 | Learned a level 6 spell: Statue Form
 92668 | Vaults:5 | Learned a level 9 spell: Tornado
 93285 | Hell     | Killed Murray
 93286 | Hell     | Reached skill level 1 in Earth Magic
 93290 | Hell     | Killed Geryon
 94048 | Hell     | Found a gateway to the ashen valley of Gehenna.
 94145 | Hell     | Found a gateway to the Iron City of Dis.
 94411 | Hell     | Found a gateway to the freezing wastes of Cocytus.
 94673 | Hell     | Found a gateway to the decaying netherworld of Tartarus.
 95364 | Elf:1    | You paid a toll of 2 scrolls of acquirement to enter a
                  | treasure trove
 95365 | Trove    | Entered a treasure trove
 95407 | Trove    | Got a heavily runed golden amulet
 95427 | Trove    | Identified the amulet "Lyli" {RegenMP rPois Str+3} (You
                  | found it in a treasure trove)
 95808 | Zot:1    | Entered Level 1 of the Realm of Zot
 97250 | Zot:2    | Cast into level 3 of the Abyss (red draconian knight)
 97250 | Abyss:3  | Found a corrupted altar of Lugonu.
 97694 | Abyss:3  | Upgraded the game from 0.26-a0-1058-g8dc6ce00ff to
                  | 0.26-a0-1079-g3a4175ecf3
 97710 | Abyss:3  | Paralysed by accursed screaming for 1 turns
 98480 | Abyss:3  | Gained mutation: You are frail. (-10% HP) [a cacodemon]
 98517 | Abyss:3  | Gained mutation: You are agile. (Dex +2) [a neqoxec]
 99013 | Abyss:3  | Paralysed by accursed screaming for 1 turns
 99367 | Abyss:4  | Paralysed by accursed screaming for 1 turns
 99385 | Abyss:4  | Identified the Incunabulum of Cloudy Beguiling
 99414 | Abyss:4  | Gained mutation: You are weak. (Str -2) [a neqoxec]
 99443 | Abyss:5  | Entered Level 5 of the Abyss
 99790 | Abyss:5  | Paralysed by accursed screaming for 2 turns
 99814 | Abyss:5  | Gained mutation: You occasionally shout uncontrollably at
                  | your foes. [a neqoxec]
 99831 | Abyss:5  | Reached skill level 5 in Earth Magic
 99915 | Abyss:5  | Gained mutation: You are strong-willed. (Will+) [a neqoxec]
 99923 | Abyss:5  | Reached skill level 15 in Shields
 99947 | Abyss:5  | Found a transporter.
 99980 | Abyss:5  | Found a transporter.
 99986 | Abyss:5  | Got an abyssal rune of Zot
100019 | Zot:2    | Escaped the Abyss
100025 | Zot:2    | Reached skill level 21 in Spellcasting
100343 | Zot:1    | Lost mutation: You are frail. (-10% HP) [potion of
                  | mutation]
100343 | Zot:1    | Lost mutation: You are agile. (Dex +2) [potion of mutation]
100343 | Zot:1    | Lost mutation: You occasionally shout uncontrollably at
                  | your foes. [potion of mutation]
100343 | Zot:1    | Lost mutation: You are weak. (Str -2) [potion of mutation]
100343 | Zot:1    | Gained mutation: You do not regenerate when monsters are
                  | visible. [potion of mutation]
100343 | Zot:1    | Lost mutation: You are strong-willed. (Will+) [potion of
                  | mutation]
100343 | Zot:1    | Gained mutation: You have a somewhat thin skeletal
                  | structure. (Dex +2, Stealth) [potion of mutation]
100343 | Zot:1    | Lost mutation: You do not regenerate when monsters are
                  | visible. [potion of mutation]
100576 | Zot:2    | Learned a level 8 spell: Lehudib's Crystal Spear
100695 | Zot:2    | Found a runed translucent gate.
100695 | Zot:2    | Found a runed translucent gate.
100695 | Zot:2    | Found a runed translucent gate.
100696 | Zot:2    | Found an ancient bone altar of Kikubaaqudgha.
100697 | Zot:2    | Found the amulet of the Air {Inacc +Fly rElec EV+5 RMsl}
100697 | Zot:2    | Noticed an ancient lich
100697 | Zot:2    | Noticed an ancient lich
100697 | Zot:2    | Noticed an ancient lich
100697 | Zot:2    | Noticed an ancient lich
100697 | Zot:2    | Noticed Beyts's ghost (legendary MiBe)
100706 | Zot:2    | Killed an ancient lich
100706 | Zot:2    | Killed an ancient lich
100707 | Zot:2    | Killed an ancient lich
100708 | Zot:2    | Killed an ancient lich
100724 | Zot:2    | Killed Beyts's ghost
100745 | Zot:2    | Identified the +1 hat of Ruysor {rElec rPois rCorr Int+3}
                  | (You found it on level 2 of the Realm of Zot)
100749 | Zot:2    | Got a shimmering bone amulet
100750 | Zot:2    | Identified the amulet "Taub" {Inacc rN+++} (You found it on
                  | level 2 of the Realm of Zot)
101007 | Zot:3    | Reached skill level 15 in Dodging
101768 | Zot:3    | Noticed an orb of fire
101783 | Zot:3    | Gained mutation: You are dopey. (Int -2) [an orb of fire]
101784 | Zot:3    | Killed an orb of fire
103782 | Zot:4    | Upgraded the game from 0.26-a0-1079-g3a4175ecf3 to
                  | 0.26-a0-1120-ga1b6d6fda9
103782 | Zot:4    | Upgraded the game from 0.26-a0-1120-ga1b6d6fda9 to
                  | 0.26-a0-1161-g0398aca569
103782 | Zot:4    | Quit the game

Illustrated notes

Levels and vault maps discovered:
D:1:      wander_arrival_fairy_ring, layout_loops_ring
D:2:      layout_loops_cross, minmay_misc_feat_four_crosses,
          nicolae_underground_beach
D:3:      layout_loops_ring, minivault_23
D:4:      layout_basic, demons_altar, nemelex_xobeh_ov_fountains_minmay,
          serial_curves, eino_curves_03, eino_curves_02, eino_curves_01,
          eino_curves_03
D:5:      layout_rooms, minmay_temple_entry_glassed_door
D:6:      layout_rooms, kennysheep_vampire_church, overflow_temple_1_default,
          abandoned_shop
D:7:      layout_loops_ring, nicolae_overflow_crystal_walls, minmay_door_square,
          nzn_random_ring
D:8:      layout_basic, dancing_weapons_uskayaw, kennysheep_flooded_box
D:9:      layout_basic, serial_shops, shop_statue
D:10:     layout_basic, david_orc_5, gammafunk_ghost_smash, zaba_anthell
D:11:     layout_loops_ring, lair_entry_dummy, minmay_statue_bubble, uniq_sonja
D:12:     layout_stronghold
D:13:     layout_basic, erik_vaults_2, serial_ice, serial_ice_j, serial_ice_n,
          serial_ice_m, serial_ice_e, portal_ice_cave_demonic_guard, wad_hexagon
D:14:     layout_irregular_city, amethyst_killhole
D:15:     hangedman_depths_entry_civil_slaughter, layout_irregular_city,
          serial_rivers, chequers_serial_rivers_room_b,
          chequers_serial_rivers_micro_a, chequers_serial_rivers_small_b,
          chequers_serial_rivers_large_b, tgw_fedhas
Temple:   regret_index_temple_sphere_string
Lair:1:   layout_cave_pods, basic_altar, serial_bayou, serial_bayou_pond_c,
          serial_bayou_lagoon_a, serial_bayou_pond_e, serial_bayou_crossing,
          serial_bayou_lake_a, serial_bayou_pond_e
Lair:2:   layout_regular_city, infiniplex_staircase_pool_2, grunt_megastairs_3
Lair:3:   layout_cave_pods, nicolae_swamp_entry_splash_gauntlet,
          minmay_lair_oklob_chamber, uniq_nergalle, uniq_fannar
Lair:4:   layout_regular_city, spider_nest_entry_funnel_web,
          kilobyte_rumbling_trees, grunt_megastairs_2, lemuel_fruit_tree
Lair:5:   layout_roguey, minmay_slime_entry_oklob_enclosed
Lair:6:   cheibrodos_lair_end_hotspot, layout_long_grid, ebering_ghost_xom
Swamp:1:  layout_basic_swamp, hangedman_swamp_ruin_wall,
          infiniplex_staircase_pool
Swamp:2:  layout_falls_marsh, serial_swamp_ruin, evilmike_swamp_ruin_rubble_2,
          evilmike_swamp_ruin_house_1, evilmike_swamp_ruin_rubble_1,
          swamp_pool1, nicolae_swamp_dense_foliage
Swamp:3:  layout_basic_swamp, nicolae_swamp_trees_clearing, uniq_roxanne
Swamp:4:  swamp_icy, layout_basic_swamp
Spider:1: layout_chambers, drop_trap
Spider:2: layout_spider_delve, uniq_arachne
Spider:3: layout_spider_delve, nicolae_spider_circle_web, uniq_asterion
Spider:4: spider_rune_water, ebering_ghost_reflecting_pool,
          nicolae_spider_webs_and_nodes
Orc:1:    layout_diamond_mine, basic_altar, nicolae_orc_pool_cavern,
          lightli_orcish_oven
Orc:2:    st_orc_mages, layout_diamond_mine, gauntlet_entry_generic,
          serial_shops, shop_statue, nicolae_shop_stone, shop, shop, shop,
          uniq_donald
Elf:1:    elf_arrival_002, layout_geoelf_diagonals,
          ploomutoo_gammafunk_ghost_potion_laboratory, enter_trove_2,
          hangedman_elf_represent
Elf:2:    layout_geoelf_octagon, feat_on_display
Elf:3:    minmay_elf_hall_spiked, layout_geoelf_castle, elves_outpost_lemuel,
          uniq_bai_suzhen
Vaults:1: vaults_room_pool, v_pattern_2, ontoclasm_vaults_ring_small, v_misc_30,
          nicolae_vaults_branching_niches, vaults_room_large_hall,
          dpeg_vaults_monster_box, layout_vaults_chaotic_city
Vaults:2: grunt_vaults_diagonal, v_rooms_1, nicolae_vaults_network_periphery,
          nicolae_vaults_yaktaur_gun_rack, nicolae_vaults_little_ls,
          st_smaller_cells, vaults_room_pools, ontoclasm_vaults_claustrophobia,
          hangedman_vaults_river_flow, v_misc_19, vaults_mumra_minichess,
          v_pattern_1, layout_vaults_ring, serial_shops, shop, uniq_sojobo,
          uniq_margery
Vaults:3: hangedman_vaults_maws, v_rooms_2, hangedman_vaults_slither,
          minmay_crypt_entry_simple_statues, ontoclasm_vaults_misaligned,
          vaults_room_hallway, st_spiral_rooms, v_misc_31,
          ontoclasm_vaults_hangar, ontoclasm_vaults_eye, v_alt_pattern_3,
          nicolae_vaults_mini_display_case, layout_vaults_omnibox, serial_shops,
          bzr_entry_gold
Vaults:4: grunt_vaults_funnel, st_octagons_2, hangedman_vaults_stream,
          v_misc_18, ontoclasm_vaults_twist, v_misc_32,
          ontoclasm_vaults_gateway, v_misc_30, serial_ice_h,
          nicolae_vaults_inception_scallops, v_misc_27, layout_vaults_omnicross,
          serial_shops, nicolae_shop_statue_plus
Vaults:5
Crypt:1:  layout_regular_city, feat_on_display, grunt_crypt_arrival_split
Crypt:2:  minmay_guarded_unrand_majin_bo, layout_basic, ebering_ghost_gozag
Crypt:3:  cryptofortress_bobbens, uniq_mennas
Depths:1: layout_basic, hell_entry, gammafunk_ghost_split, hex_medium,
          kennysheep_cross_bottleneck, serial_sigils_hangedman_scratch,
          nicolae_transmutations_shop, patterned_corridor, uniq_aizul
Depths:2: minmay_nested_s, layout_honeycomb, hell_entry, nrook_campfire,
          minmay_misc_feat_roman, serial_bayou_shore_b
Depths:3: evilmike_halls_of_destruction, layout_gridlike, enter_ziggurat_d,
          serial_shops, kennysheep_mini, grunt_pan_entry_in_and_out, hell_entry,
          minmay_holes, infiniplex_staircase_pool_1, uniq_frederick
Depths:4: kennysheep_green_arena, layout_cave_shapes, grunt_pan_entry_zigzag,
          hell_entry, abyss_entry, mu_enter_wizlab_2, minmay_shoptagon,
          minmay_staircase_statues, uniq_mara
Depths:5: grunt_zot_entry_pinwheel, layout_basic, lightli_too_deep,
          abyss_entry_small_statue_room, st_stairs_6, uniq_xtahua
Hell
Zot:1:    grunt_zot_stairs_overgrown, layout_misc_corridors
Zot:2:    layout_misc_corridors, gammafunk_ghost_crypt, st_stairs_7
Zot:3:    kennysheep_bubbly, layout_gridlike, evilmike_ambush
          [evilmike_ambush_outer_doors, evilmike_ambush_inner_basic]
Zot:4:    layout_misc_corridors, st_stairs_8

Skill      XL: |  1  2  3  4  5  6  7  8  9 10 11 12 13 14 15 16 17 18 19 20 21 22 23 24 25 26 27 |
---------------+----------------------------------------------------------------------------------+-----
Shields        | 3 4 5 6 7 8 9 10 11 12 16 | 16.1
Fighting       | 4 5 6 7 8 9 10 11 12 13 14 15 18 | 18.0
Long Blades    | 3 4 5 6 8 9 10 11 12 13 14 15 16 | 16.6
Dodging        | 1 2 3 4 5 6 7 8 9 10 11 12 15 | 15.3
Spellcasting   | 1 2 3 4 5 6 8 9 10 11 12 13 14 15 16 17 18 21 | 21.9
Armour         | 3 4 5 6 7 13 | 13.6
Invocations    | 3 4 6 7 8 9 10 11 12 | 12.5
Throwing       | 1 2 3 |  3.4
Stealth        | 1 2 3 4 5 7 9 10 11 12 13 14 15 16 | 16.3
Evocations     | 1 2 |  2.5
Air Magic      | 2 4 7 9 11 12 13 14 15 16 17 20 | 20.8
Conjurations   | 4 6 8 9 10 11 12 13 14 17 | 17.1
Transmutations | 1 4 5 6 7 8 9 11 | 11.3
Unarmed Combat | 1 |  1.2
Earth Magic    | 8 |  8.2

Action                   |  1- 3 |  4- 6 |  7- 9 | 10-12 | 13-15 | 16-18 | 19-21 | 22-24 | 25-27 || total
-------------------------+-------+-------+-------+-------+-------+-------+-------+-------+-------++-------
Melee: Long sword        |    90 |   206 |   231 |       |       |       |       |       |       ||   527
       Scimitar          |       |       |   200 |   815 |   581 |   592 |   919 |     6 |       ||  3113
       Constrict         |       |       |       |       |   134 |   152 |   201 |    89 |   287 ||   863
       Double sword      |       |       |       |       |       |       |    40 |   410 |  1776 ||  2226
       Unarmed           |       |       |       |       |       |       |       |       |    26 ||    26
       Tailslap          |       |       |       |       |       |       |       |       |     8 ||     8
       Bite              |       |       |       |       |       |       |       |       |     6 ||     6
Throw: Dart              |       |    20 |    28 |    22 |    31 |    17 |    15 |     5 |    16 ||   154
       Javelin           |       |       |     3 |    17 |       |       |       |       |       ||    20
 Cast: Airstrike         |       |       |       |       |   264 |   679 |   373 |   616 |  1220 ||  3152
       Static Discharge  |       |       |       |       |    33 |    50 |    11 |       |     7 ||   101
       Chain Lightning   |       |       |       |       |       |       |       |       |   163 ||   163
       Statue Form       |       |       |       |       |       |       |       |       |    30 ||    30
       Tornado           |       |       |       |       |       |       |       |       |    29 ||    29
       Lehudib's Crystal |       |       |       |       |       |       |       |       |     1 ||     1
       Dragon Form       |       |       |       |       |       |       |       |       |     1 ||     1
Invok: Slouch            |       |       |       |     9 |     9 |     6 |     8 |     8 |    21 ||    61
       Step From Time    |       |       |       |       |       |     2 |     1 |       |       ||     3
 Abil: Spit Poison       |     2 |    11 |    10 |     5 |     2 |       |       |       |       ||    30
       Breathe Fire      |       |       |       |       |       |       |       |       |     1 ||     1
       End Transformatio |       |       |       |       |       |       |       |       |     1 ||     1
Evoke: Wand              |       |       |     2 |    20 |    13 |       |     5 |       |     3 ||    43
       Condenser vane    |       |       |       |       |       |       |     1 |     1 |     8 ||    10
       Box of beasts     |       |       |       |       |       |       |       |     1 |     5 ||     6
  Use: Scroll            |       |     3 |     9 |    15 |    13 |     8 |    11 |     3 |    22 ||    84
       Potion            |       |     2 |     2 |     2 |       |     2 |       |     1 |     6 ||    15
 Stab: Sleeping          |       |       |       |     3 |     9 |     6 |    13 |     2 |     6 ||    39
       Distracted        |       |       |       |       |     2 |     3 |     1 |     2 |     3 ||    11
       Confused          |       |       |       |       |       |       |       |       |     8 ||     8
       Petrified         |       |       |       |       |       |       |       |       |     1 ||     1
Armor: Scale mail        |    37 |    59 |       |       |       |       |       |       |       ||    96
       Skin              |       |    14 |       |       |       |       |       |       |   166 ||   180
       Chain mail        |       |    37 |   251 |   201 |       |       |       |       |       ||   489
       Troll leather arm |       |       |       |   163 |   261 |   341 |   169 |   100 |   327 ||  1361
       Robe              |       |       |       |       |       |       |       |       |   159 ||   159
Dodge: Dodged            |    15 |    27 |    90 |   327 |   382 |   489 |   296 |   166 |  1344 ||  3136
       Repelled          |       |       |       |       |       |       |       |       |     9 ||     9
Block: Kite shield       |    48 |   111 |   221 |   588 |   511 |   845 |   380 |       |       ||  2704
       Reflection        |       |       |       |       |       |    27 |   124 |    98 |   152 ||   401
       Tower shield      |       |       |       |       |       |       |   711 |   691 |  3385 ||  4787
       Other             |       |       |       |       |       |       |       |       |     4 ||     4
       Rpst.: Long sword |     6 |     9 |    12 |       |       |       |       |       |       ||    27
       Scimitar          |       |       |    14 |    89 |    88 |    86 |    43 |       |       ||   320
       Double sword      |       |       |       |       |       |       |       |    25 |   181 ||   206

Table legend: (Time is in decaauts)
 A = Elapsed time spent in this place.
 B = Non-inter-level travel time spent in this place.
 C = Inter-level travel time spent in this place.
 D = Time resting spent in this place.
 E = Time spent auto-exploring this place.
 F = Levels seen in this place.
 G = Mean time per level.
                   A        B        C        D        E       F      G
               +--------+--------+--------+--------+--------+-----+--------+
         Total | 173934 | 159938 |  13996 |  18214 | 117164 |  61 | 2851.4 |
       Dungeon |  38848 |  34361 |   4487 |   6434 |  22692 |  15 | 2589.9 |
        Temple |     62 |     62 |      0 |      0 |     28 |   1 |   62.0 |
          Lair |  20274 |  17941 |   2333 |   1629 |  15009 |   6 | 3379.0 |
         Swamp |   9689 |   9164 |    525 |    586 |   7540 |   4 | 2422.2 |
   Spider Nest |  13863 |  12901 |    962 |   1280 |  10465 |   4 | 3465.8 |
  Orcish Mines |   4613 |   4191 |    422 |    395 |   2980 |   2 | 2306.5 |
   Elven Halls |  10976 |  10201 |    775 |    762 |   7860 |   3 | 3658.7 |
        Vaults |  24176 |  22617 |   1559 |   1739 |  17083 |   5 | 4835.2 |
         Crypt |   8955 |   8528 |    427 |   1004 |   6469 |   3 | 2985.0 |
        Depths |  21048 |  18936 |   2112 |   1896 |  13959 |   5 | 4209.6 |
          Hell |   2308 |   2293 |     15 |    372 |   1596 |   1 | 2308.0 |
           Zot |   9104 |   8730 |    374 |    587 |   6915 |   4 | 2276.0 |
         Abyss |   3763 |   3763 |      0 |    374 |   1546 |   3 | 1254.3 |
        Bazaar |    110 |    110 |      0 |      0 |      0 |   1 |  110.0 |
         Trove |    289 |    289 |      0 |      0 |    120 |   1 |  289.0 |
      Ice Cave |   1844 |   1844 |      0 |    811 |    516 |   1 | 1844.0 |
        Wizlab |   2417 |   2417 |      0 |    332 |   1582 |   1 | 2417.0 |
      Gauntlet |   1585 |   1585 |      0 |      7 |    799 |   1 | 1585.0 |
               +--------+--------+--------+--------+--------+-----+--------+

Top non-repeatable levels by time:
Depths:3: 5610 daAuts
Vaults:2: 5369 daAuts
Vaults:1: 5172 daAuts
Vaults:4: 5094 daAuts
Spider:4: 4852 daAuts
   Elf:3: 4725 daAuts
Depths:2: 4587 daAuts
  Lair:6: 4566 daAuts
  Lair:3: 4537 daAuts
Vaults:5: 4389 daAuts
Vaults:3: 4150 daAuts
    D:13: 4132 daAuts
Depths:5: 4124 daAuts
    D:15: 4070 daAuts
    D:11: 3789 daAuts
